 Dungeon Crawl Stone Soup version 0.20.1-1-g8b1a95d (webtiles) character file.

100 letownia2 the Grave Robber (level 4, -3/36 HPs)
             Began as a Deep Dwarf Necromancer on Oct 28, 2017.
             Slain by a centaur zombie (4 damage)
             ... on level 5 of the Dungeon.
             The game lasted 00:05:26 (1792 turns).

letownia2 the Grave Robber (Deep Dwarf Necromancer) Turns: 1792, Time: 00:05:27

Health: -3/36      AC:  3    Str: 11    XL:     4   Next: 46%
Magic:  8/8        EV: 12    Int: 17    God:
Gold:   118        SH:  0    Dex: 13    Spells: 5/9 levels left

rFire    . . .     SeeInvis .   a - +0 short sword
rCold    . . .     Gourm    .   (no shield)
rNeg     . . .     Faith    .   f - +0 leather armour (curse)
rPois    .         Spirit   .   (no helmet)
rElec    .         Reflect  .   (no cloak)
rCorr    .         Harm     .   (no gloves)
MR       .....                  (no boots)
Stlth    ++........             (no amulet)
Regen    0.0/turn               (no ring)
MPRegen  0.2/turn               (no ring)

@: non-regenerating
A: damage resistance, heal wounds, sense surroundings 1, no regeneration
a: Heal Wounds


You were on level 5 of the Dungeon.
You were hungry.

You visited 1 branch of the dungeon, and saw 5 of its levels.

You collected 118 gold pieces.

Inventory:

Hand Weapons
 a - a +0 short sword (weapon)
 b - a +2 antimagic whip
 p - a +0 dagger
Missiles
 h - 9 poisoned needles
Armour
 f - a cursed +0 leather armour (worn)
Scrolls
 d - a scroll of teleportation {unknown}
 l - a scroll of identify {unknown}
 s - a scroll of recharging {unknown}
Potions
 e - 2 potions of might {unknown}
 i - a potion of flight {unknown}
 j - a potion of degeneration {unknown}
 m - a potion of brilliance {unknown}
 o - a potion of curing {unknown}
 r - 2 potions of heal wounds {unknown}
Books
 g - a book of Necromancy

   Spells                             Type                      Level
   a - Pain                           Necromancy                   1
   b - Animate Skeleton               Necromancy                   1
   c - Vampiric Draining              Necromancy                   3
   d - Regeneration                   Charms/Necromancy            3
   e - Animate Dead                   Necromancy                   4
   f - Control Undead                 Necromancy                   4
Comestibles
 c - a bread ration
 k - 3 royal jellies
 n - 4 fruits
 q - a meat ration


   Skills:
 - Level 2.1 Dodging
 - Level 2.4 Stealth
 + Level 3.1 Spellcasting
 + Level 5.4 Necromancy


You had 5 spell levels left.
You knew the following spells:

 Your Spells              Type           Power        Failure   Level  Hunger
a - Pain                  Necr           ###.         2%          1    None
v - Vampiric Draining     Necr           ###.......   7%          3    ###....


Dungeon Overview and Level Annotations

Branches:
Dungeon (5/15)
 Temple: D:4-7

Altars:
Cheibriados
Ru
Yredelemnul

Annotations:
D:4 Sigmund


Innate Abilities, Weirdness & Mutations

You are resistant to damage.
You can heal yourself by infusing magical energy.
You passively map a small area around you.
You do not regenerate.


Message History

The centaur zombie hits you!
* * * LOW HITPOINT WARNING * * *
The centaur zombie closely misses you.
You hit the centaur zombie.
The centaur zombie is moderately damaged.
The centaur zombie closely misses you.
Your leather armour prevents you from hitting the centaur zombie.
The centaur zombie is moderately damaged.
The centaur zombie barely misses you.
You hit the centaur zombie.
The centaur zombie is moderately damaged.
The centaur zombie misses you. The centaur zombie closely misses you.
You hit the centaur zombie.
The centaur zombie is heavily damaged.
The centaur zombie hits you!
* * * LOW HITPOINT WARNING * * *
You hit the centaur zombie but do no damage.
The centaur zombie is heavily damaged.
The centaur zombie hits you.
You die...

#...........##
##.##.#.###..##
####Z..#....Z.....
#...............,
#.##...###.......
#.###.## #.......
#.# #.#* #.####..
#Z# #.#,, .. *..*
#@# #.........#..
#.# .#.......#. *
#.# .......Z. #.#
....... * #.# #.#
....., ,* #.# #.#,
... ##.# #.# #.#**
#..# #.# #.# #.##
#.# #.#


You could see a centaur zombie.

Vanquished Creatures
  A worker ant (D:4)
  2 gnolls (D:4)
  2 adders
  An adder zombie (D:3)
  An adder skeleton (D:4)
  2 dart slugs
  2 leopard geckos
  4 giant cockroaches
  A goblin (D:2)
  4 hobgoblins
  5 kobolds
  A bat (D:3)
  A frilled lizard (D:2)
  2 rats (D:1)
29 creatures vanquished.

Notes
Turn   | Place    | Note
-------+----------+-------------------------------------------
     0 | D:1      | letownia2 the Deep Dwarf Necromancer began the quest for the Orb.
     0 | D:1      | Reached XP level 1. HP: 15/15 MP: 3/3
   391 | D:2      | Reached XP level 2. HP: 22/22 MP: 0/5
   607 | D:3      | Reached skill level 5 in Necromancy
   607 | D:3      | Reached XP level 3. HP: 25/28 MP: 1/6
   755 | D:3      | Found a basalt altar of Yredelemnul.
   770 | D:3      | Learned a level 3 spell: Vampiric Draining
  1077 | D:4      | Reached XP level 4. HP: 27/36 MP: 0/8
  1213 | D:4      | Noticed Sigmund
  1487 | D:3      | Found a sacrificial altar of Ru.
  1534 | D:3      | You fall through a shaft for 2 floors!
  1534 | D:5      | Entered Level 5 of the Dungeon
  1616 | D:5      | Found a snail-covered altar of Cheibriados.
  1725 | D:5      | Noticed an ogre
  1791 | D:5      | HP: 1/36 [centaur zombie (6)]
  1792 | D:5      | Slain by a centaur zombie

Skill      XL: |  1  2  3  4 |
---------------+-------------+-----
Spellcasting   | 2 3 |  3.1
Necromancy     | 5 |  5.4
Dodging        | |  2.1
Stealth        | |  2.4

Action                   |  1- 3 |  4- 6 || total
-------------------------+-------+-------++-------
Melee: Whip              |     6 |       ||     6
       Short sword       |    10 |    17 ||    27
 Cast: Pain              |    37 |     1 ||    38
       Vampiric Draining |     6 |     8 ||    14
  Eat: Chunk             |     1 |     3 ||     4
Armor: Leather armour    |     5 |     8 ||    13
Dodge: Dodged            |    23 |    25 ||    48
